 Dungeon Crawl Stone Soup version 0.19-a0-805-g0a78ef0 (webtiles) character file.

359 Fubayashi the Digger (level 6, -1/32 HPs)
             Began as a Gargoyle Earth Elementalist on June 27, 2016.
             Killed by divine providence
             ... invoked by an orc priest
              (9 damage)
             ... on level 4 of the Dungeon.
             The game lasted 00:24:53 (5573 turns).

Fubayashi the Digger (Gargoyle Earth Elementalist)  Turns: 5573, Time: 00:24:53

Health: -1/32      AC:  6    Str:  9 (12) XL:     6   Next: 65%
Magic:  5/13       EV: 12    Int: 15 (17) God:
Gold:   118        SH:  0    Dex:  8 (10) Spells: 3 memorised, 6 levels left

rFire  . . .     SeeInvis .     h - +0 club
rCold  . . .     Gourm    .     q - +0 robe {MR+}
rNeg   + . .     Faith    .     (no shield)
rPois  ∞         Spirit   .     (no helmet)
rElec  +         Dismiss  .     (no cloak)
rCorr  .         Reflect  .     (no gloves)
SustAt .         Harm     .     (no boots)
MR     +....                    (no amulet)
Stlth  ++........               (no ring)
                                (no ring)

@: somewhat resistant to hostile enchantments, unstealthy
A: negative energy resistance 1, electricity resistance, unbreathing,
petrification resistance, rot immunity, AC +4
a: no special abilities


You were on level 4 of the Dungeon.
You were hungry.

You visited 1 branch of the dungeon, and saw 4 of its levels.

You collected 118 gold pieces.

Inventory:

Hand Weapons
 h - a +0 club (weapon)
Missiles
 b - 46 stones (quivered)
Armour
 q - a +0 robe of magic resistance (worn)
Scrolls
 a - a scroll of enchant armour {unknown}
 i - 4 scrolls of teleportation {@r4}
 j - a scroll of remove curse {@r2}
 k - 3 scrolls of magic mapping
 l - a scroll of immolation {unknown}
 o - 2 scrolls of recharging {unknown}
 p - a scroll of identify {unknown}
 u - a scroll of enchant weapon {unknown}
 w - 2 scrolls of blinking {unknown}
 x - 2 scrolls of noise {unknown}
Potions
 g - a potion of degeneration {!q}
 m - a potion of ambrosia {unknown}
 n - a potion of curing {unknown}
 r - a potion of cure mutation {unknown}
 t - 2 potions of lignification {unknown}
 v - a potion of flight {unknown}
Books
 e - a book of Geomancy

   Spells                             Type                      Level
   a - Sandblast                      Earth                        1
   b - Passwall                       Transmutation/Earth          2
   c - Stone Arrow                    Conjuration/Earth            3
   d - Petrify                        Transmutation/Earth          4
   e - Lee's Rapid Deconstruction     Earth                        5
Comestibles
 d - 2 bread rations {@e1}
 f - 2 meat rations {@e1}


   Skills:
 - Level 1.5 Dodging
 - Level 2.1 Stealth
 * Level 5.0 Spellcasting
 + Level 2.5 Conjurations
   Level 0.7 Transmutations
 + Level 5.2 Earth Magic


You had 6 spell levels left.
You knew the following spells:

 Your Spells              Type           Power        Failure   Level  Hunger
a - Sandblast             Erth           ###...       1%          1    None
b - Stone Arrow           Conj/Erth      ###...       12%         3    ###....
c - Lee's Rapid Deconstr  Erth           ###.......   54%         5    ######.


Dungeon Overview and Level Annotations

Branches:
Dungeon (4/15)
 Temple: D:4-7

Altars:
Cheibriados
Nemelex Xobeh
Okawaru
Pakellas
Trog
The Shining One

Annotations:
D:4 Pikel


Innate Abilities, Weirdness & Mutations

You are resistant to torment.
Your stone body is resilient. (AC +4)
You are immune to poison.
You resist negative energy. (rN+)
You are resistant to electric shocks. (rElec)
You can survive without breathing.
You are immune to petrification.
You are immune to rotting.


Message History

Press: ? - help, Shift-Dir - straight line, f/p - orc priest
Aim: an orc priest, wielding a war axe and wearing a scale mail (moderately wounded)
The blast of sand hits the orc priest.
The orc priest is moderately wounded.
It was a potion of degeneration.
There was something very wrong with that liquid.
You feel weakened.
You feel dopey.
You feel clumsy. The orc priest hits you with a war axe.
Your magical contamination has completely faded away.
The orc priest invokes the aid of Beogh against you.
Pain shoots through your body!
* * * LOW HITPOINT WARNING * * *
The orc priest mumbles some strange prayers to Beogh against you.
You resist with some effort.
The orc priest invokes the aid of Beogh against you.
You resist with some effort.
The orc priest miscasts a cantrip.
The orc priest calls down the wrath of Beogh upon you.
Beogh smites you!
You die...

......# ######## ......#
#...# ......# #...#
......# #...# ......#
#...#
......#####...#######
......#....o.........
.####o#.##....###########
.# #.#.##......@.....[<#
.# #.#o##.....##########
.# #.#.##..........# .#
#....#.#........#
.#########.#.......[#
...........#.#.######
.###########.#.# .# #.#.#
## #.#.#


You could see an orc priest.

Vanquished Creatures
  3 slaves
  An ogre (D:3)
  An orc priest (D:3)
  Jessica (D:3)
  An orc wizard (D:3)
  4 gnolls (D:2)
  6 adders
  An ooze (D:2)
  5 worms
  A dart slug (D:1)
  3 giant geckos
  4 orcs
  3 giant cockroaches
  10 goblins
  9 hobgoblins
  3 jackals (D:1)
  A quokka (D:2)
  13 bats
  7 giant newts
  8 kobolds
  10 rats
95 creatures vanquished.

Notes
Turn   | Place    | Note
--------------------------------------------------------------
     0 | D:1      | Fubayashi the Gargoyle Earth Elementalist began the quest for the Orb.
     0 | D:1      | Reached XP level 1. HP: 10/10 MP: 3/3
   730 | D:1      | Reached XP level 2. HP: 15/15 MP: 5/5
  1403 | D:2      | Reached XP level 3. HP: 11/19 MP: 7/7
  1863 | D:1      | Learned a level 3 spell: Stone Arrow
  2409 | D:2      | Reached XP level 4. HP: 24/24 MP: 1/9
  3362 | D:2      | Reached skill level 1 in Conjurations
  3362 | D:2      | Reached XP level 5. HP: 18/28 MP: 0/11
  3509 | D:3      | Found a glowing golden altar of the Shining One.
  3834 | D:3      | Noticed an ogre
  3841 | D:3      | Killed an ogre
  3841 | D:3      | Reached skill level 5 in Earth Magic
  3841 | D:3      | Reached XP level 6. HP: 31/32 MP: 8/13
  3848 | D:3      | Learned a level 5 spell: Lee's Rapid Deconstruction
  3900 | D:3      | Noticed Jessica
  3908 | D:3      | Found an oddly glowing altar of Pakellas.
  3909 | D:3      | Found a bloodstained altar of Trog.
  3918 | D:3      | Found a snail-covered altar of Cheibriados.
  3918 | D:3      | Found a sparkling altar of Nemelex Xobeh.
  3921 | D:3      | Found an iron altar of Okawaru.
  4795 | D:3      | Killed Jessica
  4795 | D:3      | Reached skill level 5 in Spellcasting
  5049 | D:4      | Noticed Pikel
  5049 | D:4      | Noticed a slave
  5049 | D:4      | Noticed a slave
  5067 | D:4      | Noticed a slave
  5068 | D:4      | Noticed a slave
  5093 | D:4      | Killed a slave
  5190 | D:4      | Killed a slave
  5231 | D:3      | Killed a slave
  5573 | D:4      | Killed from afar by an orc priest

Vault maps used:
D:1:      minmay_arrival_stair_chambers, minivault_25,
          minmay_misc_feat_diagonals, minivault_27, grunt_decor_cap
D:2:      wad_crossroads, first_bread
D:3:      grunt_temple_overflow_open, tso_altar, kennysheep_cross_bottleneck,
          uniq_jessica
D:4:      uniq_robin, uniq_pikel

Skill      XL: |  1  2  3  4  5  6 |
---------------+-------------------+-----
Spellcasting   | 3 4 5 |  5.0
Earth Magic    | 4 5 |  5.2
Conjurations   | 1 2 |  2.5
Dodging        | |  1.5
Stealth        | |  2.1
Transmutations | |  0.7

Action                   |  1- 3 |  4- 6 || total
-------------------------+-------+-------++-------
Melee: Unarmed           |    52 |       ||    52
       Club              |    99 |   148 ||   247
 Cast: Sandblast         |    47 |    94 ||   141
       Stone Arrow       |       |     9 ||     9
  Use: Scroll            |       |     3 ||     3
       Potion            |       |     1 ||     1
 Stab: Sleeping          |     3 |     6 ||     9
  Eat: Chunk             |     5 |    10 ||    15
Armor: Robe              |    94 |    93 ||   187
Dodge: Dodged            |   205 |   150 ||   355
